 Dungeon Crawl Stone Soup version 0.25-a0-668-gea548f19b6 (webtiles) character file.

Game seed: 7645554082293395704, levelgen mode: deterministic

148 Kohma the Sneak (level 5, -27/27 HPs)
             Began as a Spriggan Assassin on Mar 28, 2020.
             Killed from afar by an adder (45 damage)
             ... with an exploding inner flame
             ... hexed by the player character
             ... on level 3 of the Dungeon.
             The game lasted 00:07:48 (2291 turns).

Kohma the Sneak (Spriggan Assassin)                 Turns: 2291, Time: 00:07:49

Health: -27/27     AC:  3    Str:  7    XL:     5   Next: 8%
Magic:  6/6        EV: 16    Int: 13    God:
Gold:   169        SH:  6    Dex: 18    Spells: 4/4 levels left

rFire    . . .     SeeInvis +   a - +3 dagger
rCold    . . .     Gourm    .   o - +0 buckler
rNeg     . . .     Faith    .   b - +0 robe
rPois    .         Spirit   .   (helmet restricted)
rElec    .         Reflect  .   c - +0 cloak
rCorr    .         Harm     .   (gloves unavailable)
MR       .....                  (boots unavailable)
Stlth    ++++......             (no amulet)
HPRegen  0.09/turn              (no ring)
MPRegen  0.10/turn              (no ring)

@: about to teleport, very quick
A: very small, unfitting armour, see invisible, herbivore, speed 3, slow
metabolism 2
a: no special abilities


You were on level 3 of the Dungeon.
You were not hungry.

You visited 1 branch of the dungeon, and saw 3 of its levels.

You collected 169 gold pieces.

Inventory:

Hand Weapons
 a - a +3 dagger (weapon)
 n - a +1 short sword of speed
Missiles
 d - 15 poisoned darts (quivered)
 e - 2 curare-tipped darts {!w =f}
 g - 144 stones
Armour
 b - a +0 robe (worn)
 c - a +0 cloak (worn)
 o - a +0 buckler (worn)
Scrolls
 h - a scroll of enchant weapon
 j - 7 scrolls of identify
 m - a scroll of immolation
 u - a scroll of random uselessness {unknown}
Potions
 i - a potion of curing {unknown}
 l - a potion of heal wounds {unknown}
 p - a potion of brilliance {unknown}
 q - a potion of lignification {unknown}
 s - a potion of stabbing {unknown}
 t - a potion of cancellation {unknown}
 v - a potion of mutation {unknown}
Comestibles
 f - 7 rations


   Skills:
 + Level 2.5 Fighting
 * Level 3.6 Short Blades
 - Level 2.0 Throwing
 - Level 1.5 Dodging
 - Level 7.0 Stealth
 * Level 1.4 Shields


You had 4 spell levels left.
You didn't know any spells.
Your spell library was empty.

Dungeon Overview and Level Annotations

Branches:
Dungeon (3/15)

Altars:
Wu Jian


Innate Abilities, Weirdness & Mutations

You are very small and have problems with some larger weapons.
You are too small for most types of armour.
You have supernaturally acute eyesight. (SInv)
You are a herbivore.
You cover ground extremely quickly.
You need to consume almost no food.


Message History

The adder bites you. You block the gnoll's attack.
As you read the scroll labeled AZIGUHILOB, it crumbles to dust.
You feel strangely unstable.
It was a scroll of teleportation.
The adder bites you. The gnoll closely misses you.
You hit the adder.
Flame seeps out of the adder.
The adder is lightly wounded.
The adder is engulfed in blazing flames.
The adder explodes!
The fiery explosion engulfs the adder!!
The adder explodes!
The fiery explosion engulfs the gnoll!!
The gnoll explodes!
Training target 7.0 for Stealth reached!
Your Stealth skill increases to level 7!
You have reached level 5!
You feel agile.
You feel a bit more experienced. The fiery explosion engulfs you!!!
Ouch! That really hurt!
You die...

#.? #... #...### ######
#...... #....# #.g..§§
#....##### ## #....§§##
#........######. #+#
+##§###....###.....##.
#%.##..#○##......#####....
#...##†#§@#....#..#####..#
#...##g###..#............
#.)#..# #..#.#..###..#..
##+##'##+##..#.##.###.....
#.........#..#.##.....##..
#.8..8..8.#..#.#####.....#
#.........#....# ##.......
#####'#####..#####........
#.# #....#...#........


You could see a gnoll (inner flame).

Vanquished Creatures
  3 gnolls
  3 adders
  2 oozes
  A worm (D:2)
  3 dart slugs
  5 leopard geckos
  A ball python (D:3)
  7 giant cockroaches
  7 goblins
  8 hobgoblins
  3 jackals (D:3)
  2 quokkas
  11 bats
  3 frilled lizards
  4 kobolds
  6 rats
69 creatures vanquished.

Notes
Turn   | Place    | Note
-------+----------+-------------------------------------------
     0 | D:1      | Kohma the Spriggan Assassin began the quest for the Orb.
     0 | D:1      | Reached XP level 1. HP: 10/10 MP: 2/2
   156 | D:1      | Reached skill level 6 in Stealth
   168 | D:1      | Reached XP level 2. HP: 13/15 MP: 3/3
   507 | D:1      | Reached XP level 3. HP: 17/18 MP: 4/4
  1518 | D:2      | You fall into a shaft and drop 1 floor!
  1518 | D:3      | Found an ornate altar of the Wu Jian Council.
  1565 | D:3      | Reached XP level 4. HP: 21/23 MP: 5/5
  2101 | D:3      | Reached skill level 1 in Shields
  2291 | D:3      | Reached skill level 7 in Stealth
  2291 | D:3      | Reached XP level 5. HP: 18/27 MP: 6/6
  2291 | D:3      | Killed from afar by an adder

Levels and vault maps discovered:
D:1:      dpeg_arrival_simpleton_a, layout_basic, minmay_misc_feat_chi,
          serial_bayou_lagoon_b
D:2:      layout_basic, minmay_tiny_reverse_x
D:3:      minmay_chambers_of_threes, layout_rooms, lemuel_crystal_altar,
          first_ration

Skill      XL: |  1  2  3  4 |
---------------+-------------+-----
Stealth        | 6 7 |  7.0
Fighting       | 2 |  2.5
Short Blades   | 3 |  3.6
Shields        | 1 |  1.4
Throwing       | |  2.0
Dodging        | |  1.5

Action                   |  1- 3 |  4- 6 || total
-------------------------+-------+-------++-------
Melee: Dagger            |   121 |    78 ||   199
Throw: Dart              |    18 |     8 ||    26
       Stone             |       |     2 ||     2
  Use: Scroll            |       |     5 ||     5
 Stab: Distracted        |     1 |       ||     1
       Sleeping          |     3 |     7 ||    10
Armor: Robe              |    18 |    11 ||    29
Dodge: Dodged            |   109 |    43 ||   152
Block: Buckler           |       |    19 ||    19

Table legend:
 A = Non-vault XP
 B = Vault XP
 C = Vault XP percentage of total XP
 D = Non-vault monster count
 E = Vault monster count
 F = Vault count percentage of total count
                 A         B        C        D         E       F
            +---------+---------+-------+---------+---------+-------
      Total |     170 |      42 |  19.8 |      60 |       9 |  13.0
            +---------+---------+-------+---------+---------+-------
        D:1 |      56 |       0 |   0.0 |      22 |       0 |   0.0
        D:2 |      64 |       4 |   5.9 |      25 |       2 |   7.4
        D:3 |      50 |      38 |  43.2 |      13 |       7 |  35.0
            +---------+---------+-------+---------+---------+-------
